AoeStats
← zamithdaniel

Black Forest

508125808Analyzed
2v2 RM · 12d ago on Sep 21, 2026· 76m 38s· 4 players
Game mode
Random Map
Map size
Medium (4 player)
Population
200
Speed
Normal
Resources
Standard
Victory
Conquest
Starting age
Dark Age
Ending age
Imperial Age
RankedLock teamsTeams togetherTeam positionsShared explorationLock speedFull tech treeHidden civsTurbo modeCheats
Victory
Defeat
🇸🇦 Italians · Saudi Arabia
972
+14
🇸🇦 Franks · Saudi Arabia
911
+17
🇨🇴 Turks · Colombia
932
-16
🇨🇴 Britons · Colombia
924
-15
zamithdaniel
10:41 Feudal Age
11:07 Horse Collar
11:15 Double-Bit Axe
18:17 Castle Age
20:07 Heavy Plow
20:20 Bow Saw
26:03 Stone Mining
26:06 Gold Mining
30:17 Gold Shaft Mining
33:02 Imperial Age
30:51 Loom
31:42 Wheelbarrow
30:53 Town Watch
31:19 Padded Archer Armor
31:30 Forging
31:25 Scale Barding Armor
33:20 Leather Archer Armor
33:40 Iron Casting
33:25 Fortified Wall
33:36 Ballistics
33:38 Hand Cart
33:26 Town Patrol
38:09 Conscription
37:52 Artillery
37:15 Elite Janissary
38:29 Ring Archer Armor
39:00 Blast Furnace
38:21 Chain Barding Armor
38:57 Husbandry
39:10 Bloodlines
43:26 Plate Barding Armor
65:48 Guilds
Dovahkyn
5:32 Loom
11:16 Feudal Age
17:35 Castle Age
20:03 Double-Bit Axe
20:03 Horse Collar
25:58 Bow Saw
25:50 Heavy Plow
28:19 Wheelbarrow
27:42 Gold Mining
28:06 Town Watch
33:01 Imperial Age
30:32 Fletching
30:17 Crossbowman
31:11 Stone Mining
31:29 Bodkin Arrow
31:35 Padded Archer Armor
32:50 Forging
33:34 Gold Shaft Mining
33:27 Fortified Wall
33:38 Ballistics
33:00 Treadmill Crane
33:41 Leather Archer Armor
34:14 Conscription
34:36 Bracer
35:11 Iron Casting
35:10 Ring Archer Armor
35:26 Arbalester
38:56 Chemistry
37:24 Elite Longbowman
37:47 Pikeman
40:20 Iron Casting
41:26 Yeomen
42:45 Elite Skirmisher
43:33 Scale Mail Armor
46:20 Hand Cart
65:50 Two-Man Saw
71:48 Squires
73:47 Coinage
72:53 Halberdier
98_Natsu
13:48 Feudal Age
12:29 Loom
14:14 Double-Bit Axe
22:35 Castle Age
21:40 Stone Mining
21:41 Gold Mining
24:08 Bow Saw
25:45 Wheelbarrow
31:16 Hand Cart
34:40 Imperial Age
31:56 Loom
33:30 Gold Shaft Mining
34:16 Scale Barding Armor
34:22 Forging
34:13 Padded Archer Armor
34:04 Fletching
34:42 Murder Holes
34:58 Fortified Wall
34:59 Masonry
36:21 Chemistry
35:27 Siege Engineers
35:18 Murder Holes
36:18 Chain Barding Armor
36:38 Iron Casting
38:38 Plate Barding Armor
38:09 Cavalier
38:49 Husbandry
41:28 Blast Furnace
41:28 Paladin
48:34 Light Cavalry
63:09 Coinage
64:04 Caravan
67:15 Banking
HHH
0:26 Loom
11:29 Feudal Age
12:18 Double-Bit Axe
14:27 Horse Collar
18:04 Castle Age
19:23 Bow Saw
21:39 Wheelbarrow
20:49 Town Watch
22:47 Hand Cart
22:39 Gold Mining
22:41 Stone Mining
22:58 Heavy Plow
23:03 Treadmill Crane
23:58 Ballistics
28:29 Murder Holes
31:33 Imperial Age
30:05 Fletching
32:02 Murder Holes
32:18 Fortified Wall
31:59 Heated Shot
32:21 Masonry
32:39 Silk Road
32:42 Conscription
33:37 Chemistry
32:53 Pirotechnia
32:54 Thumb Ring
32:51 Husbandry
33:01 Bloodlines
32:55 Squires
32:41 Arson
33:49 Arson
33:27 Pikeman
35:30 Crop Rotation
35:24 Bodkin Arrow
36:08 Bracer
36:10 Padded Archer Armor
37:17 Forging
37:11 Scale Mail Armor
39:04 Iron Casting
38:44 Chain Mail Armor
38:46 Leather Archer Armor
37:59 Elite Skirmisher
40:27 Plate Mail Armor
41:02 Blast Furnace
40:17 Scale Barding Armor
40:45 Ring Archer Armor
43:01 Two-Man Saw
60:56 Caravan
61:26 Coinage
61:07 Guilds
63:45 Banking
65:49 Onager
Connection lost

Rejoining the realm…

Still unreachable

The connection could not be restored.

Session expired

The server has moved on; the page needs a fresh start.